 Dungeon Crawl Stone Soup version 0.31-a0-1589-g8f5e8aebd6 (webtiles) character file.

Game seed: 548938271454921648

235 CougarLife the Chopper (level 5, 0/48 HPs)
             Began as a Minotaur Fighter on Jan 6, 2024.
             Incinerated by a bombardier beetle (2 damage)
             ... with a burning spray
             ... on level 4 of the Dungeon.
             The game lasted 00:02:51 (2645 turns).

CougarLife the Chopper (Minotaur Fighter)           Turns: 2645, Time: 00:02:52

Health: 0/48       AC:  7    Str: 29    XL:     5   Next: 76%
Magic:  4/4        EV:  9    Int:  5    God:
Gold:   208        SH:  4    Dex:  9    Spells: 4/4 levels left

rFire   + . .        a - +0 war axe
rCold   . . .        c - +0 buckler
rNeg    . . .        b - +0 scale mail
rPois   .            (helmet restricted)
rElec   .            (no cloak)
rCorr   .            (no gloves)
SInv    .            (no boots)
Will    .....        (no amulet) Stlth
                     f - ring of protection from fire
HPRegen 0.28/turn    q - +6 ring of strength
MPRegen 0.09/turn

%: no passive effects
@: on fire, glowing
A: horns 2, retaliatory headbutt
a: no special abilities


You were on level 4 of the Dungeon.
You visited 1 branch of the dungeon, and saw 4 of its levels.

You collected 208 gold pieces.

Inventory:

Hand Weapons
 a - a +0 war axe (weapon)
Missiles
 m - 3 boomerangs (quivered)
Armour
 b - a +0 scale mail (worn)
 c - a +0 buckler (worn)
Jewellery
 f - a ring of protection from fire (left hand)
 q - a +6 ring of strength (right hand)
Scrolls
 e - 2 scrolls of enchant weapon {unknown}
 g - 2 scrolls of fog {unknown}
 h - a scroll of poison {unknown}
 i - a scroll of amnesia {unknown}
 k - a scroll of vulnerability {unknown}
 o - a scroll of brand weapon {unknown}
 p - a scroll of fear {unknown}
 r - a scroll of teleportation {unknown}
Potions
 d - a potion of might
 l - 2 potions of heal wounds {unknown}
 n - a potion of mutation {unknown}


   Skills:
 + Level 5.2 Fighting
 * Level 5.8 Axes
 - Level 4.0 Armour
 - Level 4.0 Shields


You had 4 spell levels left.
You didn't know any spells.
Your spell library contained the following spells:

 Spells                   Type           Power      Damage    Failure   Level
 Freeze                   Ice            0%         1d3       78%         1
 Blink                    Tloc           0%         N/A       89%         2
 Ensorcelled Hibernation  Hex/Ice        0%         N/A       89%         2
 Lesser Beckoning         Tloc           0%         N/A       89%         2
 Momentum Strike          Conj/Tloc      0%         3d8       89%         2
 Frozen Ramparts          Ice            0%         1d1       98%         3
 Fugue of the Fallen      Necr           0%         N/A       98%         3
 Hailstorm                Conj/Ice       0%         3d5       98%         3
 Anguish                  Hex/Necr       0%         N/A       100%        4


Dungeon Overview and Level Annotations

Branches:
Dungeon (4/15)
 Temple: D:4-7

Altars:
Ashenzari
Dithmenos
Ru
Vehumet
Wu Jian
Xom


Innate Abilities, Weirdness & Mutations

You have a pair of horns on your head.
You reflexively headbutt those who attack you in melee.


Message History

There is a stone staircase leading down here.
Found 6 stones.
You now have 208 gold pieces (gained 7).
A bombardier beetle comes into view.
A bombardier beetle is nearby! 3 gnolls come into view.
A gnoll is wielding a +2 antimagic spear.
The gnoll shouts! x3; You hear a shout!
The bombardier beetle sprays incendiary fluid at you.
The burning spray hits you.
You are covered in liquid fire!
You barely miss the bombardier beetle. The liquid fire burns you!
You closely miss the bombardier beetle. The liquid fire burns you!
The bombardier beetle bites you.
The gnoll hits you from afar with a +0 halberd!
You slash the bombardier beetle!
The bombardier beetle is severely wounded.
The liquid fire burns you!
The gnoll hits you from afar with a +0 halberd!
The bombardier beetle sprays incendiary fluid at you.
The burning spray hits you.
You are even more covered in liquid fire!
You are too injured to fight recklessly!
You hit the bombardier beetle.
You kill the bombardier beetle!
The liquid fire burns you!
The gnoll hits you from afar with a +0 halberd!
* * * LOW HITPOINT WARNING * * *
You shake off some of the fire as you move.
The liquid fire burns you!
* * * LOW HITPOINT WARNING * * *
A gnoll comes into view. It is wielding a +0 club.
The gnoll attacks as it pursues you!
The gnoll hits you from afar with a +0 halberd!
* * * LOW HITPOINT WARNING * * *
You shake off some of the fire as you move.
The liquid fire burns you!
You die...

### #.... #
##############.###
#...#####...(...........>.
#..g.gg..@................
#g..#####.##...........###
# #....##.#............
#...............#.###
#....##.#...##.##.#..
##......##..##.##....
#...####............
#...###....##.##.#.#
#.............##...#


You could see 3 gnolls.

Vanquished Creatures
  3 bombardier beetles
  An orc wizard (D:3)
  2 adders (D:2)
  A white imp (D:4)
  2 dart slugs
  15 orcs
  7 ball pythons
  5 bats
  3 endoplasms
  A giant cockroach (D:2)
  A goblin (D:2)
  6 hobgoblins
  7 jackals
  4 kobolds
  2 quokkas
  3 frilled lizards (D:1)
  6 rats
69 creatures vanquished.

Notes
Turn   | Place    | Note
-------+----------+-------------------------------------------
     0 | D:1      | CougarLife the Minotaur Fighter began the quest for the
                  | Orb.
     0 | D:1      | Reached XP level 1. HP: 19/19 MP: 0/0
   208 | D:1      | Reached XP level 2. HP: 27/27 MP: 1/1
   599 | D:2      | Reached XP level 3. HP: 19/33 MP: 2/2
   688 | D:2      | Found a broken altar of Ashenzari.
  1376 | D:3      | Reached XP level 4. HP: 41/41 MP: 3/3
  1591 | D:3      | Found a sacrificial altar of Ru.
  1596 | D:3      | Found an ornate altar of the Wu Jian Council.
  1596 | D:3      | Found a radiant altar of Vehumet.
  1610 | D:3      | Found a shimmering altar of Xom.
  1613 | D:3      | Found a shadowy altar of Dithmenos.
  1879 | D:3      | Found a faded altar of an unknown god.
  2003 | D:3      | Reached skill level 5 in Axes
  2003 | D:3      | Reached XP level 5. HP: 26/47 MP: 4/4
  2433 | D:4      | Reached skill level 5 in Fighting
  2644 | D:4      | HP: 2/48 [gnoll/+0 halberd (8)]
  2645 | D:4      | Incinerated by a bombardier beetle

Illustrated notes

Levels and vault maps discovered:
D:1:      dpeg_arrival_pond, layout_rooms,
          nicolae_concentric_dashed_squares_wild
D:2:      layout_loops_ring, basic_altar
D:3:      layout_basic, minmay_overflow_temple_star_hex,
          ebering_ecumenical_altar_webs, minmay_pentangle
D:4:      layout_loops_ring

Skill      XL: |  1  2  3  4  5 |
---------------+----------------+-----
Armour         | 4 |  4.0
Shields        | 4 |  4.0
Axes           | 3 4 5 |  5.8
Fighting       | 4 5 |  5.2

Action                     |  1- 3 |  4- 6 || total
---------------------------+-------+-------++-------
  Melee: War axe           |    82 |    67 ||   149
         Headbutt          |     7 |     6 ||    13
    Use: Potion            |       |     2 ||     2
 Armour: Scale mail        |    61 |    61 ||   122
  Dodge: Dodged            |    34 |    14 ||    48
  Block: Buckler           |    11 |     5 ||    16

Table legend: (Time is in decaauts)
 A = Elapsed time spent in this place.
 B = Non-inter-level travel time spent in this place.
 C = Inter-level travel time spent in this place.
 D = Time resting spent in this place.
 E = Time spent auto-exploring this place.
 F = Levels seen in this place.
 G = Mean time per level.
                   A        B        C        D        E       F      G
               +--------+--------+--------+--------+--------+-----+--------+
         Total |   2693 |   2639 |     54 |    313 |   1900 |   4 |  673.2 |
       Dungeon |   2693 |   2639 |     54 |    313 |   1900 |   4 |  673.2 |
               +--------+--------+--------+--------+--------+-----+--------+

Top non-repeatable levels by time:
     D:3: 924 daAuts
     D:2: 880 daAuts
     D:4: 445 daAuts
     D:1: 443 daAuts
